[Event "Live Chess"]
[Site "Chess.com"]
[Date "2023.05.20"]
[Round "-"]
[White "Davidagye"]
[Black "TheSmoulderingMaster"]
[Result "1-0"]
[WhiteElo "1658"]
[BlackElo "1794"]
[TimeControl "300"]
[EndTime "9:59:22 PDT"]
[Termination "Davidagye won by resignation"]

1. b4 e5 2. Bb2 d6 3. c4 Nf6 4.
e3 Nc6 5. b5 Ne7 6. Nf3 Ng6 7.
d4 Be7 8. Be2 O-O 9. Nc3 e4 10. Nd2 d5 11. cxd5 Nxd5 12. Ndxe4 Be6 13. O-O f5 14. Nxd5 Bxd5 15. Nc3 Be6 16. Bf3 Rb8 17.
d5 Bf7 18. Qd4 Bf6 19. Qxa7 Ne5 20. Be2 Ng4 21. Bxg4 fxg4 22. e4 Be5 23. g3 Qg5 24. Qe3 Qh5 25. f4 gxf3 26. Rxf3 c5 27. dxc6 bxc6 28. Rf5 Bxc3 29. Qxc3 Qg4 30. bxc6 Rxb2 31. Qxb2 Qxe4 32. Raf1 Qe3+ 33. Qf2 Qc3 34. Rxf7 1-0

[Event "Live Chess"]
[Site "Chess.com"]
[Date "2023.05.20"]
[Round "-"]
[White "luckywookie"]
[Black "john_chandler"]
[Result "1-0"]
[WhiteElo "731"]
[BlackElo "847"]
[TimeControl "300"]
[EndTime "9:59:29 PDT"]
[Termination "luckywookie won on time"]

1. e4 d5 2. e5 c5 3. Nf3 Nc6 4. c3 Bg4 5. Bb5 e6 6. d4 a6 7. Bxc6+ bxc6 8. Bf4 c4 9. Nbd2 h6 10. Bg3 h5 11. h3 Bxf3 12. Nxf3 h4 13. Bf4 Be7 14.
Qd2 Nh6 15. Bg5 Nf5 16. Bxe7 Qxe7 17.
g3 hxg3 18. Qg5 gxf2+ 19. Kxf2 Qxg5 20. Nxg5 Rh5 21. Rag1 O-O-O 22. Nxf7 Rd7 23. Ng5 Rb7 24. Nxe6 Rxb2+ 25. Kf3 Nh4+ 26. Kg4 g6 27. Ng7 Nf3 28. Kxf3 Rh8 29. Rxg6 Rf8+ 30. Kg4 Rg2+ 31. Kh5 Rh8+ 32. Rh6 1-0

[Event "Live Chess"]
[Site "Chess.com"]
[Date "2023.05.20"]
[Round "-"]
[White "nigelst"]
[Black "ranvir123"]
[Result "0-1"]
[WhiteElo "1842"]
[BlackElo "875"]
[TimeControl "300"]
[EndTime "9:59:30 PDT"]
[Termination "ranvir123 won on time"]

1. e4 e5 2. Nf3 Nc6 3. Bb5 d6 4. O-O Bd7 5. d4 a6 6. Bxc6 Bxc6 7. dxe5 dxe5 8. Nxe5 Bxe4 9. Qe2 Nf6 10. Bg5 Qd5 11. Nf3 O-O-O 12. Nc3 Bxf3 13. Qxf3 Qxg5 14. Rad1 Bb4 15.
Ne4 Nxe4 16. Qxe4 Rxd1 17. Rxd1 Bd6 18. g3 Qh5 19. Re1 f5 20. Qd4 Re8 21. Rf1 g6 22. Qa7 f4 23. Qa8+ Kd7 24. Qxb7 fxg3 25. hxg3 Bf8 26. Qxa6 Re2 27. Rd1+ Bd6 28. Qa4+ c6 29. Qa7+ Ke6 30. Qb7 Bxg3 31. Qc8+ Kf6 32. Qf8+ Kg5 33. Qd8+ Kh6 34. Qf8+ Kg5 35. Qd8+ Kf5 36. Qf8+ Kg4 37.
Qe8 Qh2+ 0-1

[Event "Live Chess"]
[Site "Chess.com"]
[Date "2023.05.20"]
[Round "-"]
[White "PiotrD11"]
[Black "alexlines8"]
[Result "0-1"]
[WhiteElo "1307"]
[BlackElo "1270"]
[TimeControl "300"]
[EndTime "9:59:31 PDT"]
[Termination "alexlines8 won by resignation"]

1. e4 c6 2. d4 d5 3. e5 c5 4. c3 Nc6 5. Nf3 cxd4 6. cxd4 Bg4 7. Bb5 e6 8. O-O Ne7 9. Be3 Nf5 10. Nbd2 Be7 11. h3 Bxf3 12. Nxf3 O-O 13. Bxc6 bxc6 14. Rc1 Qb6 15. Qc2 Rac8 16. g4 Nxe3 17. fxe3 Rc7 18.
a3 Rb8 19. b4 a5 20. bxa5 Qxa5 21. Qf2 Qxa3 22. h4 Qd3 23. h5 Qe4 24. Nd2 Qxg4+ 25. Kh2 Qxh5+ 26. Kg3 Bh4+ 0-1

[Event "Live Chess"]
[Site "Chess.com"]
[Date "2023.05.20"]
[Round "-"]
[White "LiamBellwood"]
[Black "GMHarry-youtube"]
[Result "0-1"]
[WhiteElo "2093"]
[BlackElo "2183"]
[TimeControl "300"]
[EndTime "9:59:34 PDT"]
[Termination "GMHarry-youtube won on time"]

1. d4 Nf6 2. Nc3 g6 3. Bf4 d5 4. e3 c6 5. Nf3 Bg7 6. h4 h5 7. Be2 O-O 8. Ne5 Nbd7 9. Qd2 Nxe5 10. Bxe5 b5 11. a3 a5 12. f3 Be6 13. g4 b4 14.
Na4 hxg4 15. Bxf6 exf6 16. fxg4 f5 17. g5 f6 18. Nc5 Bc8 19. h5 fxg5 20. hxg6 Qf6 21.
Bh5 g4 22. Qh2 Qg5 23. Bxg4 Qxe3+ 24. Be2 Re8 25. Nd3 f4 26. Qh7+ Kf8 27. Qh5 f3 28. Rh2 fxe2 29. Rf2+ Ke7 30. Rf7+ Kd8 31. Qh4+ Re7 32.
Rxg7 Bf5 33. Qxe7+ Qxe7 34. Rxe7 Kxe7 35. Ne5 Kf6 36. Kxe2 Bxg6 37. Nxg6 Kxg6 38. axb4 Re8+ 39. Kd3 axb4 40. Ra4 Rb8 41. c3 bxc3 42. bxc3 Kf6 43.
Ra6 Rc8 44. c4 Ke6 45. c5 Kd7 46. Ra7+ Ke6 47. Rh7 Rg8 48. Rh6+ Kd7 49. Rh7+ Kc8 50. Rh6 Kb7 51. Rh7+ Ka6 52. Rh6 Kb5 53. Rh3 Rg1 54. Ke3 Rc1 55. Rh2 Rc3+ 56. Kf4 Rd3 57. Ke5 Kc4 58. Kd6 Kxd4 59. Rh4+ Kc3 60. Kxc6 d4 61. Kd5 Rd1 62. c6 Rg1 63. Rxd4 Rg5+ 64. Ke6 Kxd4 65. Kd7 Rg7+ 0-1

[Event "Live Chess"]
[Site "Chess.com"]
[Date "2023.05.20"]
[Round "-"]
[White "YF22Raptor"]
[Black "stevefairhurst"]
[Result "1-0"]
[WhiteElo "1006"]
[BlackElo "541"]
[TimeControl "300"]
[EndTime "9:59:37 PDT"]
[Termination "YF22Raptor won by checkmate"]

1. e4 e5 2. Nf3 Nf6 3. d4 Nxe4 4. dxe5 d5 5. Nc3 Bb4 6. Bd2 Bg4 7. h3 Bf5 8. Nxe4 Bxe4 9. Bxb4 Nc6 10. Bc3 O-O 11. Bb5 Ne7 12. Rg1 c6 13. Bd3 Qb6 14.
Bxe4 dxe4 15. Nd2 e3 16. Nc4 Qc5 17. Nxe3 Rfd8 18. Qe2 Nd5 19. Nxd5 Qxd5 20. Rd1 Qe6 21. Rxd8+ Rxd8 22. a3 Qa2 23. f4 Qa1+ 24. Kf2 Qa2 25. Rd1 Rxd1 26. Qxd1 g6 27. Qd8+ Kg7 28. e6+ Kh6 29. Qf8+ Kh5 30. g4+ Kh4 31. Qh6# 1-0

[Event "Live Chess"]
[Site "Chess.com"]
[Date "2023.05.20"]
[Round "-"]
[White "HD_IN4k"]
[Black "BillW-GrangerIN"]
[Result "0-1"]
[WhiteElo "282"]
[BlackElo "240"]
[TimeControl "300"]
[EndTime "9:59:41 PDT"]
[Termination "BillW-GrangerIN won on time"]

1. d4 d5 2. c4 e5 3. Nf3 Nc6 4. Nxe5 Nxe5 5. dxe5 dxc4 6. Qa4+ Bd7 7. Qxc4 Be6 8. Qd3 Bc5 9. h4 Ne7 10. g3 O-O 11. Bg2 Qd7 12. Bh3 Bxh3 13. Rxh3 Qxh3 14.
e3 Qh1+ 15. Qf1 Bb4+ 16. Bd2 Qe4 17. a3 Ba5 18. Nc3 Qc2 19. Rc1 Qxb2 20. Qb5 Qxa3 21. Nd5 Qd3 22. Bxa5 Qxb5 0-1

[Event "Live Chess"]
[Site "Chess.com"]
[Date "2023.05.20"]
[Round "-"]
[White "Jeffaroow"]
[Black "Ian-Morley"]
[Result "0-1"]
[WhiteElo "450"]
[BlackElo "1074"]
[TimeControl "300"]
[EndTime "9:59:52 PDT"]
[Termination "Ian-Morley won by checkmate"]

1. e4 d5 2. Nf3 dxe4 3. Ng5 h6 4.
Nxe4 e5 5. Nbc3 f5 6. Ng3 Be6 7.
Bd3 f4 8. Nge4 Nf6 9. Nxf6+ Qxf6 10. a3 Nd7 11. Nb5 Bd6 12. Nxd6+ cxd6 13. b3 O-O 14. Bc4 Bxc4 15. bxc4 Nc5 16. Rb1 b6 17. d3 Rf7 18.
O-O Raf8 19. Qf3 Na4 20. Rb3 e4 21. dxe4 g5 22. h3 Nc5 23. Rb2 Nxe4 24. Qxe4 Re7 25.
Qf3 Rfe8 26. Bd2 Qxb2 27. Qh5 Qxc2 28. Bb4 Re2 29. h4 Qxc4 30. hxg5 a5 31. Bxd6 Re1 32. g3 Qxf1+ 33. Kh2 Qh1# 0-1

[Event "Live Chess"]
[Site "Chess.com"]
[Date "2023.05.20"]
[Round "-"]
[White "Alan_Richardson"]
[Black "cedarsmaster"]
[Result "0-1"]
[WhiteElo "1625"]
[BlackElo "1769"]
[TimeControl "300"]
[EndTime "9:59:56 PDT"]
[Termination "cedarsmaster won on time"]

1. d4 e6 2. Nf3 f5 3. Bf4 Nf6 4.
e3 Be7 5. h3 O-O 6. c4 d6 7. Nc3 Nc6 8. Be2 Bd7 9. O-O Qe8 10. Rc1 Kh8 11. a3 Nd8 12. b4 Nf7 13. c5 d5 14. Bxc7 Ne4 15. Qb3 g5 16. Ne5 Nd2 17. Qc2 Nxf1 18. Bxf1 Nh6 19. b5 Bf6 20. Bd6 Rg8 21. a4 Kg7 22. Ne2 Rc8 23. c6 bxc6 24.
bxc6 Bxe5 25. Bxe5+ Kf7 26. cxd7 Qxd7 27. Qd2 Qxa4 28.
Rb1 Rb8 29. Nc3 Qd7 30. Ra1 Ra8 31. Nb5 Rgc8 32. Nd6+ Kg6 33. Nxc8 Qxc8 34. Rc1 Qe8 35. Rc7 Nf7 36. Qa5 Nxe5 37. dxe5 Qb8 38. Qc5 a5 39. Qe7 Qg8 40. Rc6 Re8 41. Qa7 g4 42. hxg4 fxg4 43. Bd3+ Kg5 44. Qxa5 g3 45. Qb4 gxf2+ 46. Kf1 Qf7 0-1

[Event "Live Chess"]
[Site "Chess.com"]
[Date "2023.05.20"]
[Round "-"]
[White "SirEntrails"]
[Black "Daniel_Gliddon_FA"]
[Result "0-1"]
[WhiteElo "537"]
[BlackElo "968"]
[TimeControl "300"]
[EndTime "9:59:58 PDT"]
[Termination "Daniel_Gliddon_FA won by checkmate"]

1. e4 d6 2. Nf3 Nf6 3. Bc4 g6 4.
Ng5 e6 5. Qe2 Bg7 6. e5 dxe5 7.
Qxe5 Nbd7 8. Qe3 O-O 9. Nxe6 fxe6 10. Bxe6+ Kh8 11. Qh3 Re8 12. O-O Nc5 13. Bxc8 Rxc8 14. d3 Ne6 15. Re1 Ng5 16. Qg3 Rxe1# 0-1

[Event "Live Chess"]
[Site "Chess.com"]
[Date "2023.05.20"]
[Round "-"]
[White "OSmith06"]
[Black "Hussamalhaidar"]
[Result "1-0"]
[WhiteElo "1723"]
[BlackElo "970"]
[TimeControl "300"]
[EndTime "10:00:03 PDT"]
[Termination "OSmith06 won by checkmate"]

1. e4 Nc6 2. Nf3 e5 3. d4 Nf6 4. d5 Ne7 5. c4 Ng6 6. Bd3 Bc5 7. O-O d6 8. a3 a6 9. b4 Ba7 10. Nc3 O-O 11. Be3 Bxe3 12. fxe3 Ng4 13. Qe2 Nh4 14. Nxh4 Qxh4 15. h3 Nf6 16. Qf2 Bxh3 17. Qxh4 Bxg2 18. Kxg2 h6 19. Rxf6 gxf6 20. Qxh6 f5 21. Rh1 f6 22. Qh7# 1-0

[Event "Live Chess"]
[Site "Chess.com"]
[Date "2023.05.20"]
[Round "-"]
[White "LodeshChess"]
[Black "KeithArkell"]
[Result "0-1"]
[WhiteElo "894"]
[BlackElo "2610"]
[TimeControl "300"]
[EndTime "10:00:15 PDT"]
[Termination "KeithArkell won by resignation"]

1. e4 c6 2. Nf3 d5 3. d3 Bg4 4. Be2 dxe4 5. dxe4 Qxd1+ 6. Bxd1 Nd7 7. h3 Bxf3 8. Bxf3 e5 9. O-O Ngf6 10. Nc3 Bb4 11. Bd2 O-O 12. a4 Nc5 13. Rfe1 Rfe8 14. b3 Rad8 15.
Re2 Rxd2 16. Rxd2 Bxc3 17. Rad1 Bxd2 18. Rxd2 Ne6 19. c3 Rd8 20. Rxd8+ Nxd8 21. g4 Ne6 22.
Kf1 Nc5 23. b4 Ncxe4 24. Bxe4 Nxe4 25. Ke2 Nxc3+ 0-1

[Event "Live Chess"]
[Site "Chess.com"]
[Date "2023.05.20"]
[Round "-"]
[White "Driftboard"]
[Black "Ra2orLeaf"]
[Result "0-1"]
[WhiteElo "684"]
[BlackElo "1148"]
[TimeControl "300"]
[EndTime "10:00:15 PDT"]
[Termination "Ra2orLeaf won by checkmate"]

1. e4 c5 2. d4 cxd4 3. Qxd4 Nc6 4. Qc3 e6 5. Nf3 a5 6. Bd3 Bb4 7.
Qxb4 axb4 8. O-O Nge7 9. h3 O-O 10. Bg5 h6 11. Bxe7 Nxe7 12. c3 bxc3 13. Nxc3 b6 14. Nb5 Ba6 15. a4 Bxb5 16. Bxb5 d5 17. exd5 Nxd5 18. Bc6 Rc8 19. Bxd5 exd5 20. Rac1 Rxc1 21. Rxc1 d4 22. Rd1 d3 23. Ne5 Re8 24. Nxd3 Re1+ 25. Rxe1 Qxd3 26. Re8+ Kh7 27. Kh2 Qd6+ 28. g3 Qd2 29.
Kg2 Qxb2 30. h4 Qc2 31. Rb8 Qxa4 32. Rxb6 Qe4+ 33. Kg1 f6 34. Rd6 Kg6 35. Kh2 Qe2 36.
Kg2 Qe4+ 37. Kh3 Kf5 38. Rd7 g5 39. hxg5 hxg5 40. Rh7 Qh1# 0-1

[Event "Live Chess"]
[Site "Chess.com"]
[Date "2023.05.20"]
[Round "-"]
[White "FlyingChessKestrel13"]
[Black "jusjoel"]
[Result "1-0"]
[WhiteElo "2127"]
[BlackElo "297"]
[TimeControl "300"]
[EndTime "10:00:24 PDT"]
[Termination "FlyingChessKestrel13 won by checkmate"]

1. e4 e5 2. d4 d6 3. Nf3 Nf6 4. Nc3 c5 5. dxe5 dxe5 6. Qxd8+ Kxd8 7. Nxe5 Nc6 8. Nxf7+ Ke7 9. Nxh8 Nd4 10. Bd3 Bg4 11.
Be3 Rd8 12. f3 Bd7 13. Bxd4 cxd4 14. Ne2 Ba4 15. b3 Bc6 16. Bc4 Ke8 17. Nf7 Rd7 18.
Ne5 Re7 19. Nxc6 bxc6 20. Nxd4 Nd5 21. Bxd5 cxd5 22. O-O-O Rc7 23. exd5 Ba3+ 24. Kb1 a5 25. Nb5 Bd6 26. Nxd6+ Kd7 27. Nc4 Ra7 28. d6 a4 29.
Rhe1 axb3 30. cxb3 g5 31. Re7+ Kc6 32. Rxa7 h5 33.
d7 g4 34. d8=Q gxf3 35. Rc7+ Kb5 36. Qb8+ Ka6 37. Ra7# 1-0

[Event "Live Chess"]
[Site "Chess.com"]
[Date "2023.05.20"]
[Round "-"]
[White "AlanPaling"]
[Black "JackRudd"]
[Result "0-1"]
[WhiteElo "1188"]
[BlackElo "2392"]
[TimeControl "300"]
[EndTime "10:00:35 PDT"]
[Termination "JackRudd won by checkmate"]

1. c4 Nf6 2. Nc3 g6 3. g3 Bg7 4. Bg2 O-O 5. e4 d6 6. Nge2 Nc6 7. O-O e5 8. d3 Be6 9. h3 Qd7 10. Kh2 Ne8 11. f4 f5 12. b3 Nf6 13. Be3 a6 14. Rc1 b5 15. Nd5 bxc4 16. bxc4 fxe4 17. dxe4 Rab8 18. g4 Bxg4 19. f5 Bxe2 20. Qxe2 Nd4 21. Bxd4 exd4 22. Qd3 c6 23. Nf4 c5 24. Ne6 Rf7 25.
Rb1 Re8 26. Rb3 Nh5 27. Rfb1 Be5+ 28. Kg1 Nf4 29. Nxf4 Bxf4 30. Rb8 Rxb8 31. Rxb8+ Kg7 32. a4 Qxa4 33. Rb6 Qa1+ 34. Bf1 Qe1 35. Qe2 Qg3+ 36.
Qg2 Qe3+ 37. Qf2 Qxe4 38. Qb2 Be3+ 39. Kh2 Qxf5 40. Bg2 Qe5+ 41. Kh1 Qg3 42. Qe2 Rf2 43. Qe1 Qxg2# 0-1

[Event "Live Chess"]
[Site "Chess.com"]
[Date "2023.05.20"]
[Round "-"]
[White "Fazer180"]
[Black "mach247"]
[Result "0-1"]
[WhiteElo "1702"]
[BlackElo "1345"]
[TimeControl "300"]
[EndTime "10:00:46 PDT"]
[Termination "mach247 won by resignation"]

1. e4 d5 2. exd5 Qxd5 3. Nc3 Qd8 4. d4 Nf6 5. h3 Bf5 6. Nf3 h6 7. Bc4 e6 8. O-O c6 9. Bf4 Bd6 10. Ne5 O-O 11. Bd3 Bxd3 12. Qxd3 Nd5 13. Nxd5 exd5 14. Qg3 Qf6 15. Nd3 Bxf4 16. Qxf4 Qxf4 17. Nxf4 Nd7 18. Rfe1 Rfe8 19. Nd3 b6 20. Ne5 Nxe5 21. Rxe5 Rxe5 22. dxe5 Re8 23. Re1 f6 24. f4 fxe5 25. fxe5 Kf7 26. Kf2 Ke6 27. Ke3 Rf8 28. Kd3 Rf5 29. Re3 Rxe5 30.
Rg3 g5 31. h4 c5 32. hxg5 Rxg5 33. Rh3 h5 34. Re3+ Kd6 35. g3 b5 36. Ke2 a5 37. Kf2 d4 38. Re8 Rf5+ 39. Kg2 Kd5 40. Ra8 a4 41. Rb8 Kc4 42. b3+ axb3 43. cxb3+ Kb4 44.
Kh3 Re5 45. Ra8 Rd5 46. a4 bxa4 47. bxa4 d3 48. Rb8+ Kxa4 49. Rb2 d2 0-1

[Event "Live Chess"]
[Site "Chess.com"]
[Date "2023.05.20"]
[Round "-"]
[White "toog"]
[Black "risinghelios"]
[Result "1-0"]
[WhiteElo "2629"]
[BlackElo "1954"]
[TimeControl "300"]
[EndTime "10:00:47 PDT"]
[Termination "toog won by checkmate"]

1. e4 c5 2. Nf3 Nc6 3. d4 cxd4 4. Nxd4 g6 5. c4 Bg7 6. Be3 e6 7. Nc3 Nge7 8. Ndb5 O-O 9. Be2 a6 10. Nd6 Qa5 11.
O-O Bxc3 12. bxc3 Qxc3 13. Rc1 Qg7 14. c5 f5 15. Qd2 Qf6 16. Bg5 Qg7 17. Bh6 Qf6 18.
Bxf8 Qxf8 19. Bc4 fxe4 20. Rfe1 Nf5 21. Rxe4 Nxd6 22. Qxd6 Qxd6 23. cxd6 b5 24. Bxe6+ dxe6 25. Rxc6 Bb7 26. Rc7 Bxe4 27. d7 Kf8 28. Rc8+ Ke7 29. d8=Q+ Kf7 30. Qf8# 1-0

[Event "Live Chess"]
[Site "Chess.com"]
[Date "2023.05.20"]
[Round "-"]
[White "PureMellowPlan"]
[Black "Leonid_Starozhilov"]
[Result "0-1"]
[WhiteElo "629"]
[BlackElo "2666"]
[TimeControl "300"]
[EndTime "10:00:48 PDT"]
[Termination "Leonid_Starozhilov won by checkmate"]

1. e4 e5 2. Nf3 Nc6 3. Nc3 Nf6 4. Bb5 Nd4 5. Nxd4 exd4 6. e5 dxc3 7. exf6 Qxf6 8.
bxc3 c6 9. Bd3 Bc5 10. O-O d5 11. Re1+ Be6 12. Qg4 Qxf2+ 13. Kh1 Qxe1+ 14. Bf1 Qxf1# 0-1

[Event "Live Chess"]
[Site "Chess.com"]
[Date "2023.05.20"]
[Round "-"]
[White "JohanKjeldahl"]
[Black "apl_trainer"]
[Result "0-1"]
[WhiteElo "1761"]
[BlackElo "1605"]
[TimeControl "300"]
[EndTime "10:00:49 PDT"]
[Termination "apl_trainer won by resignation"]

1. e4 c5 2. Nf3 e6 3. d4 cxd4 4. Nxd4 Nc6 5. Nc3 Qc7 6. Be3 a6 7. f3 Nf6 8. Be2 Be7 9. O-O b5 10. a3 Bb7 11. Qd2 O-O 12. Rad1 Ne5 13. Bf4 d6 14. g4 h6 15. g5 hxg5 16. Bxg5 Rac8 17.
Kh1 d5 18. Rg1 dxe4 19. fxe4 Nxe4 20. Nxe4 Bxe4+ 21. Rg2 Bxg2+ 22. Kxg2 Bxg5 23. Qxg5 Ng6 24. Bd3 Nf4+ 25. Kf3 Nxd3 26. Rxd3 Qb7+ 27. Kg3 Qd5 28. Qxd5 exd5 29. c3 Rfe8 30. Nf5 Re2 31. Rxd5 Rce8 32. Rd7 Rxb2 33. Nd6 Ree2 34. Rxf7 Rg2+ 35. Kh3 Rxh2+ 36. Kg3 Rbg2+ 37. Kf3 Rf2+ 38. Kg3 Rxf7 39. Kxh2 Rf3 40. c4 bxc4 41. Nxc4 Rc3 42. Nd6 Rxa3 43. Kg2 Rd3 44. Nc4 Rc3 45. Ne5 a5 46. Kf2 a4 0-1

[Event "Live Chess"]
[Site "Chess.com"]
[Date "2023.05.20"]
[Round "-"]
[White "seasidecastle27"]
[Black "Balu13"]
[Result "1-0"]
[WhiteElo "1802"]
[BlackElo "838"]
[TimeControl "300"]
[EndTime "10:00:50 PDT"]
[Termination "seasidecastle27 won on time"]

1. d4 d5 2. Nf3 Nf6 3. Bf4 Bf5 4. e3 Nc6 5. Bd3 Be4 6. Bxe4 Nxe4 7. Nbd2 e6 8. Nxe4 dxe4 9. Nd2 f5 10. Qe2 a6 11.
Qc4 Qd5 12. O-O b5 13. Qxd5 exd5 14. Bxc7 Ra7 15. Bg3 Nb4 16. Rfc1 g5 17. a3 Nc6 18.
c3 h5 19. h4 Be7 20. hxg5 Bxg5 21. Kf1 Rc7 22. Bxc7 h4 23. Ke2 Kd7 24. Be5 Rg8 25. Rh1 Nxe5 26. dxe5 Ke6 27. Nb3 Rc8 28. Nd4+ Kxe5 29.
Rh2 f4 30. exf4+ Bxf4 31. Rxh4 Bg5 32. Rh5 Rg8 33. Rah1 Kf6 34. g3 Rg6 35. Rh8 Kg7 36.
R1h7+ Kf6 37. Rf8+ Ke5 38. Rf5+ 1-0

[Event "Live Chess"]
[Site "Chess.com"]
[Date "2023.05.20"]
[Round "-"]
[White "Bob2pen"]
[Black "HoarseyHorsey"]
[Result "1-0"]
[WhiteElo "1776"]
[BlackElo "1386"]
[TimeControl "300"]
[EndTime "10:00:59 PDT"]
[Termination "Bob2pen won by resignation"]

1. c4 Nf6 2. g3 d5 3. Bg2 e6 4.
Nf3 Bc5 5. O-O O-O 6. d4 Be7 7. Nc3 dxc4 8. Ne5 Nd5 9. Nxc4 Nc6 10. Nxd5 exd5 11. Ne3 Be6 12. b3 Bf6 13. Bb2 Qd7 14. Qd2 Rad8 15. Rac1 Bg5 16. h4 Bh6 17.
Rcd1 f5 18. Qc2 Bxe3 19. fxe3 Rde8 20. Kh2 Ne7 21. Rc1 Kh8 22. Qxc7 Qxc7 23. Rxc7 Ng8 24. Rxb7 Nf6 25. Bf3 Ne4 26. Bxe4 fxe4 27. Rxf8+ Rxf8 28. Kg2 h6 29. Rxa7 Bg4 30. Ba3 Rf5 31. Bd6 Bxe2 32. Be5 Bd3 33. Bxg7+ Kg8 34. Bxh6 Rf6 35.
Bf4 Rc6 36. h5 Be2 37. h6 Bg4 38. Rg7+ 1-0

[Event "Live Chess"]
[Site "Chess.com"]
[Date "2023.05.20"]
[Round "-"]
[White "tpm07"]
[Black "Albul"]
[Result "0-1"]
[WhiteElo "1985"]
[BlackElo "2188"]
[TimeControl "300"]
[EndTime "10:01:05 PDT"]
[Termination "Albul won by resignation"]

1. d4 f5 2. Nc3 d6 3. e4 g6 4. Bd3 fxe4 5. Nxe4 Nf6 6. Bf4 Bg7 7. Qe2 Nc6 8.
O-O-O Nxd4 9. Qe3 Nf5 10. Qe2 Nxe4 11. Bxe4 O-O 12. Nh3 e5 13. Bg5 Qd7 14. f4 h6 15.
Bxf5 Rxf5 16. Bh4 Qa4 17. Kb1 Be6 18. b3 Qc6 19. g4 Rf7 20. Rdf1 Raf8 21. f5 gxf5 22.
gxf5 Rxf5 23. Rxf5 Bxf5 24. Rg1 Bxh3 0-1

[Event "Live Chess"]
[Site "Chess.com"]
[Date "2023.05.20"]
[Round "-"]
[White "jennybobby44"]
[Black "EdenHazard8"]
[Result "0-1"]
[WhiteElo "1853"]
[BlackElo "2126"]
[TimeControl "300"]
[EndTime "10:01:18 PDT"]
[Termination "EdenHazard8 won by resignation"]

1. e4 c6 2. d4 d5 3. e5 c5 4. c3 Nc6 5. Nf3 Bg4 6. Be2 e6 7. h3 Bxf3 8. Bxf3 Qb6 9. dxc5 Bxc5 10. Qe2 Nh6 11. b4 Be7 12. Be3 d4 13. Bxh6 gxh6 14. Bxc6+ Qxc6 15. O-O Rg8 16. f3 dxc3 17. b5 Qc5+ 18. Kh2 Rd8 19. Rc1 Bg5 20. Rxc3 Bf4+ 21. Kh1 Qxe5 0-1

[Event "Live Chess"]
[Site "Chess.com"]
[Date "2023.05.20"]
[Round "-"]
[White "MarkLim1"]
[Black "flyingpuffins"]
[Result "1-0"]
[WhiteElo "1628"]
[BlackElo "1964"]
[TimeControl "300"]
[EndTime "10:01:27 PDT"]
[Termination "MarkLim1 won by checkmate"]

1. d4 d5 2. Nf3 Nf6 3. c4 c6 4. cxd5 cxd5 5. Nc3 Nc6 6. Bf4 Bg4 7. Ne5 Qb6 8. Nxc6 bxc6 9. a3 e6 10.
Na4 Qd8 11. h3 Bf5 12. e3 Bd6 13. Bxd6 Qxd6 14. Nc5 Ne4 15. Rc1 Nxc5 16. Rxc5 O-O 17. Be2 Rab8 18. Qc1 Rb6 19. O-O Rfb8 20. b4 a5 21. bxa5 Rb1 22. Qc3 Rxf1+ 23. Bxf1 h5 24. a6 Rb1 25. a7 Qc7 26. a8=Q+ Kh7 27. Qxc6 Qa7 28. Qc7 Qa6 29. Qc1 Rxc1 30. Rxc1 Qxa3 31. Qc3 Qa7 32. Bd3 Bxd3 33. Qxd3+ g6 34. e4 dxe4 35. Qxe4 Qa3 36. Re1 Qb3 37. Re3 Qd1+ 38. Kh2 Qa1 39. Rf3 Kg7 40. Qe5+ Kg8 41. Qf6 Qa7 42. h4 Qc7+ 43.
g3 Qd7 44. Ra3 Qc8 45. Ra7 Qe8 46. Qe7 Qxe7 47. Rxe7 Kg7 48. Kg2 Kf6 49. Re8 Kg7 50. Kf3 Kf6 51. Kf4 Kg7 52. Re7 Kf6 53. Ra7 Kg7 54.
Ke5 g5 55. hxg5 h4 56. gxh4 Kg6 57. f4 f5 58. gxf6 Kh5 59. Kxe6 Kh6 60. f7 Kh7 61. f8=Q+ Kg6 62. Qf6+ Kh5 63. Qg5# 1-0

[Event "Live Chess"]
[Site "Chess.com"]
[Date "2023.05.20"]
[Round "-"]
[White "AttackingSnowLeopard"]
[Black "vovanada"]
[Result "1-0"]
[WhiteElo "2037"]
[BlackElo "806"]
[TimeControl "300"]
[EndTime "10:01:27 PDT"]
[Termination "AttackingSnowLeopard won by checkmate"]

1. d4 d5 2. c4 dxc4 3. Nf3 Nf6 4. e3 e6 5. Bxc4 Bb4+ 6. Nc3 O-O 7. O-O Nc6 8. a3 Bd6 9. e4 Ng4 10. e5 Be7 11. h3 Nh6 12. Bxh6 gxh6 13. Ne4 Bg5 14. Nfxg5 hxg5 15. Nf6+ Kh8 16. Qh5 Qxf6 17. exf6 Nxd4 18.
Bd3 Nf5 19. Bxf5 exf5 20. Qh6 Rg8 21. Rfe1 Be6 22. Rxe6 fxe6 23. f7 Rg7 24. Qxe6 Rf8 25. Qxf5 Rfxf7 26. Qc8+ Rg8 27. Qe6 Rfg7 28. Qe5 g4 29. hxg4 h6 30. g5 hxg5 31. g3 g4 32.
Kg2 Kh7 33. Rh1+ Kg6 34. Qe6+ Kg5 35. Re1 c5 36. Re5# 1-0

[Event "Live Chess"]
[Site "Chess.com"]
[Date "2023.05.20"]
[Round "-"]
[White "chrisbradgate"]
[Black "Brooms1989"]
[Result "0-1"]
[WhiteElo "840"]
[BlackElo "974"]
[TimeControl "300"]
[EndTime "10:01:28 PDT"]
[Termination "Brooms1989 won by checkmate"]

1. d4 Nf6 2. Nf3 g6 3. Bg5 Bg7 4. e3 O-O 5. Bd3 d6 6. Qd2 Bg4 7. e4 Bxf3 8. gxf3 h6 9. Bxh6 Nbd7 10. Bxg7 Kxg7 11. Nc3 a6 12. O-O-O Rh8 13. Rdg1 Rh6 14. e5 dxe5 15. dxe5 Nxe5 16. Be2 Qxd2+ 17. Kxd2 Rd8+ 18. Kc1 b6 19. Rd1 Rxd1+ 20. Bxd1 Nh5 21. Be2 b5 22. Nd5 c5 23. Nxe7 Nf4 24. Bf1 Nxf3 25. Nc6 Rxh2 26.
Rxh2 Nxh2 27. Bd3 Nxd3+ 28. cxd3 Ng4 29. Kd2 Nxf2 30. Ne5 Kf6 31. Nd7+ Kg5 32. Nxc5 Kf4 33. Nxa6 g5 34. Nc5 g4 35. Ne4 Nxe4+ 36. dxe4 Kf3 37. Ke1 g3 38. Kf1 Kxe4 39. Kg2 Kf4 40. b3 f5 41.
a4 Kg4 42. a5 f4 43. a6 f3+ 44. Kf1 g2+ 45. Kf2 Kh3 46. a7 Kh2 47. a8=Q g1=Q+ 48. Kxf3 Qg2+ 49. Ke3 Qxa8 50. Kd3 Qc8 51. b4 Qc4+ 52.
Ke3 Qxb4 53. Kd3 Qc4+ 54. Ke3 Kg3 55. Kd2 Qb3 56. Ke2 Kf4 57. Kd2 Ke4 58. Ke2 Qe3+ 59. Kf1 Qd2 60. Kg1 Kf3 61. Kf1 Qf2# 0-1

[Event "Live Chess"]
[Site "Chess.com"]
[Date "2023.05.20"]
[Round "-"]
[White "KGreenGator"]
[Black "LaupMiths"]
[Result "0-1"]
[WhiteElo "1768"]
[BlackElo "1838"]
[TimeControl "300"]
[EndTime "10:01:35 PDT"]
[Termination "LaupMiths won by checkmate"]

1. c4 Nf6 2. Nc3 e6 3. d4 d5 4. e3 c5 5. Nf3 Nc6 6. a3 cxd4 7.
exd4 a6 8. cxd5 Nxd5 9. Nxd5 Qxd5 10. b3 Be7 11. Bc4 Qe4+ 12. Qe2 Qxe2+ 13. Bxe2 Bf6 14. Bb2 O-O 15. O-O Rd8 16. Rfd1 Ne7 17. Rac1 Nd5 18. Bc4 b5 19. Be2 Bb7 20. Ne5 Rac8 21. Rxc8 Rxc8 22. h3 Rc2 23. Rc1 Rxe2 24. Ba1 h6 25. Nd3 Rd2 26. Nc5 Bc8 27. Ne4 Kh7 28. Nxd2 Bb7 29. Ne4 Nf4 30.
Nxf6+ gxf6 31. Re1 Nxg2 32. Re2 Nf4 33. Rd2 Nxh3+ 34.
Kh2 Ng5 35. Kg3 Bd5 36. Rd3 Kg6 37. f4 Ne4+ 38. Kh2 h5 39. b4 Kf5 40. Bb2 Kxf4 41.
Bc1+ Kg4 42. Rd1 Ng5 43. Rg1+ Kf5 44. Bxg5 fxg5 45. Rf1+ Kg6 46. Kg3 f5 47. Re1 h4+ 48. Kh3 Kh5 49. Rg1 g4+ 50. Kh2 g3+ 51. Kh3 Kg5 52.
Re1 f4 53. Re5+ Kf6 54. Kxh4 g2 55. Re1 f3 56. Kg3 Kf5 57. Re5+ Kf6 58. Re1 Kg6 59. Kf2 Kg5 60. Re5+ Kf4 61. Rh5 Kg4 62. Re5 Kf4 63. Rh5 Ke4 64. Rh4+ Kd3 65. Rg4 Kd2 66. Kg1 Ke2 67. Rf4 Ke3 68. Rf8 Kxd4 69. Kf2 e5 70.
Rd8 e4 71. Re8 e3+ 72. Rxe3 g1=Q+ 73. Kxg1 Kxe3 74. Kf1 Bc4+ 75. Kg1 f2+ 76. Kh2 f1=Q 77. a4 bxa4 78. b5 axb5 79. Kg3 Qf3+ 80. Kh2 Qg4 81. Kh1 Bd5+ 82. Kh2 Qg2# 0-1

[Event "Live Chess"]
[Site "Chess.com"]
[Date "2023.05.20"]
[Round "-"]
[White "lateforthesky"]
[Black "ossie57"]
[Result "1-0"]
[WhiteElo "2086"]
[BlackElo "1821"]
[TimeControl "300"]
[EndTime "10:01:40 PDT"]
[Termination "lateforthesky won by checkmate"]

1. e4 d6 2. d4 Nf6 3. Nc3 Nbd7 4. Nf3 e5 5. Rg1 Be7 6. g4 h6 7.
h4 c6 8. g5 hxg5 9. hxg5 Nh5 10.
g6 f6 11. Bc4 d5 12. exd5 b5 13. Bb3 Nf8 14. dxc6 Be6 15. d5 Bf5 16. Be3 Bb4 17.
a3 Bxc3+ 18. bxc3 Qa5 19. Qd2 O-O-O 20. a4 Nxg6 21. Ra2 a6 22. axb5 Qxb5 23. c4 Qb8 24. Rxa6 Nhf4 25. Qa5 Be4 26. Ra8 Bxf3 27. Rxb8+ Kxb8 28. Qa7+ Kc8 29. Qb7# 1-0